 Dungeon Sprint DCSS version 0.28.0-43-g3370ac3207 (webtiles) character file.

Game seed: 14179744710168372316

25 boopmooplesden the Slasher (level 2, -3/29 HPs)
             Began as a Minotaur Berserker on Mar 28, 2022.
             Was a Follower of Trog.
             Slain by an ogre
             ... wielding a +0 giant spiked club
              (24 damage)
             ... in the Dungeon (Sprint I: "Red Sonja").
             The game lasted 00:00:40 (25 turns).

boopmooplesden the Slasher (Minotaur Berserker)       Turns: 25, Time: 00:00:41

Health: -3/29      AC:  3    Str: 21    XL:     2   Next: 82%
Magic:  1/1        EV: 12    Int:  4    God:    Trog [*.....]
Gold:   0          SH:  0    Dex:  9    Spells: 1/1 levels left

rFire   . . .      SeeInvis .   j - +0 club (spect)
rCold   . . .      Faith    .   (no shield)
rNeg    . . .      Spirit   .   k - +0 leather armour
rPois   .          Reflect  .   (helmet restricted)
rElec   .          Harm     .   (no cloak)
rCorr   .          Rampage  .   (no gloves)
Will    .....      NoTele   +   (no boots)
Stlth   +.........              (no amulet)
HPRegen 0.09/turn               (no ring)
MPRegen 0.07/turn               (no ring)

@: on berserk cooldown, slowed, very slow
A: horns 2, retaliatory headbutt
a: Renounce Religion, Berserk


You were in the Dungeon.
You worshipped Trog.
Trog was aware of your devotion.
You visited 1 branch

Inventory:

Hand Weapons
 a - a +0 falchion
 j - a +0 spectral club (weapon)
Armour
 b - a +0 animal skin
 k - a +0 leather armour (worn)
Wands
 i - a wand of iceblast (11)
Scrolls
 h - a scroll of blinking
Potions
 c - a potion of curing
 d - a potion of heal wounds
 e - a potion of haste
 f - 2 potions of magic
 g - a potion of berserk rage


   Skills:
 + Level 5.6 Fighting
 + Level 5.6 Long Blades
 + Level 3.2 Armour
 + Level 3.0 Dodging


You had one spell level left.
You didn't know any spells.
Your spell library was empty.

Dungeon Overview and Level Annotations

Branches:
Dungeon (1/1)

Altars:


Innate Abilities, Weirdness & Mutations

You have a pair of horns on your head.
You reflexively headbutt those who attack you in melee.


Message History

Ijyb hits you with a +0 spectral club.
You barely miss Ijyb. Your headbutt misses Ijyb. You slash Ijyb!
Your headbutt misses Ijyb.
Ijyb is heavily wounded.
Ijyb hits you with a +0 spectral club.
You slash Ijyb! You headbutt Ijyb.
You kill Ijyb!
Trog accepts your kill.
Your Fighting skill gained 2 levels and is now at level 5!
Your Long Blades skill gained 2 levels and is now at level 5!
Your Armour skill increases to level 3!
Your Dodging skill increases to level 3!
You have reached level 2!
i - a wand of iceblast (11)
Things that are here:
a +0 spectral club; a +0 leather armour
j - a +0 spectral club;
k - a +0 leather armour You feel a strong urge to attack something.
You are no longer berserk.
You are exhausted.
You feel yourself slow down.
You start removing your armour.
You continue taking off your +0 animal skin. x4
You finish taking off your +0 animal skin.
You start putting on your armour.
You continue putting on your +0 leather armour. x5
You finish putting on your +0 leather armour.
You feel a bond with your +0 spectral club.
j - a +0 spectral club (weapon)
You open the door.
An ogre comes into view. It is wielding a +0 giant spiked club.
There is an open door here.
You're still recovering from your berserk rage.
You hit the ogre. You headbutt the ogre.
The ogre is moderately wounded.
Your +0 spectral club hits the ogre.
The ogre hits you with a +0 giant spiked club.
The ogre hits you with a +0 giant spiked club!!
Ouch! That really hurt!
You die...

##########
#<.#..@O.#
#..'..#(.+
#..#####+#
#..# #..#
#..# #⌠⌠#
####


You could see an ogre and a friendly +0 spectral club (summoned).

Vanquished Creatures
  Ijyb (D)
1 creature vanquished.

Notes
Turn   | Place    | Note
-------+----------+-------------------------------------------
     0 | D        | boopmooplesden the Minotaur Berserker began the quest for
                  | the Orb.
     0 | D        | Reached XP level 1. HP: 19/19 MP: 0/0
     2 | D        | Noticed Ijyb
     7 | D        | Killed Ijyb
     8 | D        | Reached skill level 5 in Fighting
     8 | D        | Reached skill level 5 in Long Blades
     8 | D        | Reached XP level 2. HP: 29/29 MP: 1/1
    24 | D        | Noticed an ogre
    25 | D        | Slain by an ogre

Illustrated notes

Levels and vault maps discovered:
D:        dungeon_sprint_1 [red_sonja_temple_1, red_sonja_temple_small_1]

Skill      XL: |  1 |
---------------+----+-----
Fighting       | 5 |  5.6
Long Blades    | 5 |  5.6
Armour         | 3 |  3.2
Dodging        | 3 |  3.0

Action                   || total
-------------------------++-------
Melee: Falchion          ||     3
       Headbutt          ||     2
       Club              ||     1
Invok: Berserk           ||     1
Dodge: Dodged            ||     1
